 Dungeon Crawl Stone Soup version 0.30.0-5-g1a98f26d00 (webtiles) character file.

Game seed: 15487351091137675434

87 fozzywoppz the Shield-Bearer (level 4, -1/37 HPs)
             Began as a Formicid Fighter on May 9, 2023.
             Slain by Crazy Yiuf
             ... wielding a +2 quarterstaff of chaos
              (4 damage)
             ... on level 2 of the Dungeon.
             The game lasted 00:03:36 (1381 turns).

fozzywoppz the Shield-Bearer (Formicid Fighter)     Turns: 1381, Time: 00:03:37

Health: -1/37      AC:  7    Str: 23    XL:     4   Next: 80%
Magic:  4/4        EV:  9    Int:  7    God:
Gold:   127        SH:  5    Dex: 13    Spells: 3/3 levels left

rFire   . . .        a - +0 flail
rCold   . . .        c - +0 buckler
rNeg    . . .        b - +0 scale mail
rPois   .            (helmet unavailable)
rElec   .            (no cloak)
rCorr   .            (no gloves)
SInv    +            (no boots)
Will    .....        (no amulet) Stlth
                     (no ring)
HPRegen 0.26/turn    (no ring)
MPRegen 0.09/turn

%: no passive effects
@: no status effects
A: permanent stasis, dig shafts and tunnels, antennae 3, four strong arms
a: Dig, Shaft Self


You were on level 2 of the Dungeon.
You visited 1 branch of the dungeon, and saw 2 of its levels.

You collected 127 gold pieces.

Inventory:

Hand Weapons
 a - a +0 flail (weapon)
Armour
 b - a +0 scale mail (worn)
 c - a +0 buckler (worn)
Scrolls
 g - a scroll of enchant armour {unknown}
 h - 3 scrolls of identify
 j - a scroll of blinking {unknown}
 l - a scroll of immolation {unknown}
 m - a scroll of silence {unknown}
 n - a scroll of brand weapon {unknown}
Potions
 d - a potion of might
 e - 3 potions of curing
 f - a potion of invisibility {unknown}
 i - a potion of degeneration {unknown}
 k - a potion of cancellation {unknown}


   Skills:
 + Level 4.0 Fighting
 + Level 3.2 Maces & Flails
 + Level 3.7 Armour
 + Level 4.7 Shields


You had 3 spell levels left.
You didn't know any spells.
Your spell library contained the following spells:

 Spells                   Type           Power      Damage    Failure   Level
 Kiss of Death            Conj/Necr      0%         2d5       80%         1
 Static Discharge         Conj/Air       0%         2-2/arc   91%         2
 Confusing Touch          Hex            0%         N/A       99%         3
 Airstrike                Air            0%         2d(0-16)  100%        4
 Dispel Undead            Necr           0%         3d6       100%        4
 Summon Lightning Spire   Summ/Air       0%         N/A       100%        4


Dungeon Overview and Level Annotations

Branches:
Dungeon (2/15)

Altars:
Vehumet

Shops:
D:2 *

Annotations:
D:2 Crazy Yiuf


Innate Abilities, Weirdness & Mutations

You cannot be hasted, slowed, berserked, paralysed or teleported.
You can dig through walls and to a lower floor.
You have a pair of large antennae on your head. (SInv)
Your four strong arms can wield two-handed weapons with a shield.


Message History

You open the door.
A quokka comes into view.
The quokka bites you.
There is an open door, spattered with blood here.
You barely miss the quokka.
The quokka bites you but does no damage.
The quokka bites you.
You miss the quokka. You block the quokka's attack.
The quokka bites you but does no damage.
You hit the quokka.
The quokka is lightly wounded.
You block the quokka's attack.
You sock the quokka!
You kill the quokka!
Found a hammer.
Found a runed translucent door.
Crazy Yiuf shouts!
You open the door.
Crazy Yiuf yells, "Snoogle head childish!"
You sock Crazy Yiuf!
Crazy Yiuf is heavily wounded.
Crazy Yiuf says, "Whiteboard!"
Crazy Yiuf closely misses you.
You hit Crazy Yiuf but do no damage.
Crazy Yiuf is heavily wounded.
Crazy Yiuf says, "Line sing-song forty-two!"
Crazy Yiuf hits you with a +2 quarterstaff of chaos!
You are electrocuted!
You hit Crazy Yiuf but do no damage.
Crazy Yiuf is heavily wounded.
Crazy Yiuf completely misses you.
You sock Crazy Yiuf!
Crazy Yiuf is almost dead.
Crazy Yiuf says, "Crazy?
Crazy!?
PORCUPINE!"
You block Crazy Yiuf's attack. Crazy Yiuf barely misses you.
You hit Crazy Yiuf but do no damage.
Crazy Yiuf is almost dead.
Crazy Yiuf hits you with a +2 quarterstaff of chaos!
* * * LOW HITPOINT WARNING * * *
Crazy Yiuf burns you.
You die...

.....# #......##.#
###..# #####..##.#
.†...#######
#####.#
####.......# #####
#.### #########
#..)# #####...###
#...# #.........#
... #.........# #g#
#.....)...# # ♣♣@♣
#########.## # ♣.♣♣
###... # ♣♣.♣
#....# # ♣.♣♣
#....# # ♣♣.♣♣
#....# # ♣...♣♣
#....# ############
♣....♣ #....#
'..........# #....#
#....#
#########.####....#
#....'


You could see Crazy Yiuf.

Vanquished Creatures
  2 adders (D:2)
  A worm (D:1)
  6 endoplasms
  7 giant cockroaches
  6 goblins
  2 hobgoblins (D:1)
  8 jackals (D:1)
  3 quokkas
  2 ball pythons
  9 bats
  3 frilled lizards
  4 kobolds
  9 rats
62 creatures vanquished.

Notes
Turn   | Place    | Note
-------+----------+-------------------------------------------
     0 | D:1      | fozzywoppz the Formicid Fighter began the quest for the
                  | Orb.
     0 | D:1      | Reached XP level 1. HP: 18/18 MP: 1/1
     1 | D:1      | Found a runed translucent door.
    30 | D:1      | Reached XP level 2. HP: 5/24 MP: 2/2
    44 | D:1      | Reached XP level 3. HP: 7/29 MP: 3/3
   139 | D:1      | Found a faded altar of an unknown god.
   386 | D:1      | Reached XP level 4. HP: 36/36 MP: 4/4
   931 | D:2      | Found a radiant altar of Vehumet.
  1073 | D:2      | Found a transporter.
  1076 | D:2      | Found Peerung's General Store.
  1129 | D:2      | Found a transporter.
  1372 | D:2      | Found a runed translucent door.
  1373 | D:2      | Noticed Crazy Yiuf
  1381 | D:2      | Slain by Crazy Yiuf

Illustrated notes

Levels and vault maps discovered:
D:1:      dpeg_arrival_caged_fury, layout_rooms, basic_ecumenical_altar,
          hangedman_abyss_or_decor_lesser_grid, minivault_5, item_on_display_a
D:2:      layout_basic, basic_altar, serial_shops, nicolae_shop_drivethru,
          uniq_crazy_yiuf_cottage

Skill      XL: |  1  2  3  4 |
---------------+-------------+-----
Maces & Flails | 3 |  3.2
Fighting       | 4 |  4.0
Armour         | |  3.7
Shields        | |  4.7

Action                     |  1- 3 |  4- 6 || total
---------------------------+-------+-------++-------
  Melee: Flail             |    74 |    63 ||   137
Ability: Dig               |     1 |     1 ||     2
    Use: Potion            |     1 |       ||     1
         Scroll            |     3 |     1 ||     4
 Armour: Scale mail        |    33 |    32 ||    65
  Dodge: Dodged            |    40 |    27 ||    67
  Block: Buckler           |    15 |    16 ||    31
